Map: Dusk Towers

Players

Nerchio

  • Race: Zerg Zerg
  • League: Grandmaster

Lilbow - Winner!

  • Race: Protoss Protoss
  • League: Grandmaster

Event: DreamHack ZOWIE Open Leipzig

VOD

Have the link to the VOD?

Description

Time

  • Played on: Jan. 22, 2016, 11:23 a.m.
  • Length: 9:09

All games in this series

Show
View Real Time Build Order
Export as new Build Order

Nerchio Zerg 

Build Orders: Hatch First 

Get SALT Encoding   

  12  0:01  Drone  
  13  0:12  Overlord  
  13  0:17  Drone  
  14  0:30  Drone x2  
  14  0:34  Drone  
  17  0:51  Hatchery  
  17  0:55  Drone  
  17  0:58  Drone  
  18  1:12  Spawning Pool  
  18  1:15  Drone  
  18  1:20  Drone  
  19  1:39  Hatchery  
  18  1:42  Drone  
  18  1:44  Drone  
  20  1:56  Extractor  
  20  1:58  Queen  
  21  2:04  Queen  
  21  2:08  Zergling x2  
  24  2:11  Drone  
  24  2:13  Drone  
  26  2:17  Drone  
  27  2:23  Overlord  
  27  2:25  Drone  
  28  2:42  Drone x2  
  28  2:44  Drone, Queen  
  31  2:48  Overlord  
  33  2:57  Metabolic Boost  
  33  3:04  Zergling x8  
  37  3:07  Zergling x2  
  38  3:15  Drone  
  38  3:16  Drone x3  
  38  3:17  Drone  
  38  3:19  Drone  
  44  3:25  Overlord  
  42  3:40  Drone x5  
  45  3:43  Drone  
  45  3:44  Drone  
  45  3:46  Drone  
  45  3:48  Drone  
  49  3:50  Drone  
  49  3:52  Drone  
  49  3:53  Drone  
  49  3:55  Drone  
  53  3:57  Drone  
  53  3:58  Drone  
  55  4:03  Drone  
  55  4:05  Overlord, Extractor  
  55  4:07  Overlord  
  55  4:13  Drone  
  55  4:14  Queen  
  58  4:21  Overlord  
  57  4:27  Drone  
  57  4:28  Lair  
  57  4:29  Drone x3  
  57  4:30  Drone x3  
  64  4:32  Extractor  
  64  4:34  Overlord  
  63  4:39  Queen  
  63  4:41  Drone  
  63  4:43  Drone  
  67  4:47  Roach Warren  
  67  4:50  Queen  
  67  4:52  Extractor  
  67  5:00  Zergling x4  
  67  5:03  Overlord  
  67  5:09  Zergling x10  
  72  5:15  Queen  
  75  5:21  Zergling x18  
  83  5:30  Nydus Network, Queen x2  
  84  5:49  Roach x5  
  89  5:50  Overlord x5  
  89  5:53  Overlord  
  86  5:59  Nydus Network  
  86  6:02  Queen  
  86  6:04  Overlord  
  85  6:05  Overseer  
  84  6:11  Roach  
  84  6:12  Roach x4  
  84  6:13  Roach  
  96  6:19  Roach x2  
  96  6:24  Queen  
  101  6:37  Nydus Canal  
  101  6:38  Roach x3  
  101  6:39  Roach x4  
  115  6:46  Roach x3  
  121  6:47  Roach  
  121  6:49  Zergling x2  
  124  6:56  Drone x5  
  124  6:59  Nydus Canal  
  121  7:03  Roach x2  
  121  7:06  Roach  
  121  7:07  Roach  
  129  7:09  Roach  
  129  7:12  Roach  
  128  7:16  Overlord x2  
  128  7:20  Drone  
  128  7:21  Drone, Infestation Pit  
  129  7:24  Drone  
  129  7:26  Overlord  
  130  7:32  Glial Reconstitution  
  130  7:34  Spore Crawler  
  130  7:36  Drone x2, Spore Crawler  
  130  7:37  Extractor  
  130  7:38  Drone  
  130  7:39  Drone, Extractor  
  130  7:41  Drone  
  130  7:42  Drone  
  130  7:43  Drone  
  133  7:45  Drone  
  133  7:47  Drone  
  133  7:49  Drone  
  133  7:50  Drone  
  137  7:52  Drone  
  133  7:58  Spire  
  133  8:00  Pneumatized Carapace  
  128  8:14  Roach  
  128  8:15  Roach x4  
  128  8:16  Roach  
  128  8:18  Roach  
  132  8:20  Roach  
  132  8:21  Roach  
  132  8:24  Roach  
  132  8:26  Ravager x2  
  126  8:27  Roach  
  126  8:28  Roach  
  126  8:34  Roach  
  126  8:35  Roach x3  
  126  8:37  Roach  
  126  8:40  Roach  
  136  8:43  Roach x2  
  136  8:46  Roach  
  136  8:47  Roach  
  129  8:50  Roach  
Show
View Real Time Build Order
Export as new Build Order

Lilbow Protoss - Winner!

Build Orders: Nexus First 

Get SALT Encoding   

  12  0:00  Probe (Chrono Boost)  
  13  0:11  Probe (Chrono Boost)  
  14  0:17  Pylon  
  14  0:22  Probe (Chrono Boost)  
  16  0:35  Probe (Chrono Boost)  
  16  0:46  Probe (Chrono Boost)  
  17  0:57  Nexus  
  17  1:07  Gateway  
  17  1:10  Probe (Chrono Boost)  
  18  1:15  Assimilator  
  18  1:20  Probe (Chrono Boost)  
  18  1:23  Assimilator  
  19  1:31  Probe (Chrono Boost)  
  20  1:36  Gateway  
  20  1:42  Probe (Chrono Boost)  
  21  1:52  Probe (Chrono Boost)  
  21  1:54  Cybernetics Core  
  22  2:03  Probe (Chrono Boost)  
  23  2:10  Probe (Chrono Boost)  
  23  2:13  Probe (Chrono Boost)  
  25  2:21  Probe (Chrono Boost)  
  26  2:24  Probe (Chrono Boost)  
  27  2:30  Adept x2, Warp Gate  
  27  2:32  Probe (Chrono Boost)  
  27  2:34  Probe (Chrono Boost)  
  27  2:36  Pylon  
  33  2:42  Probe (Chrono Boost)  
  34  2:45  Probe (Chrono Boost)  
  35  2:53  Probe (Chrono Boost)  
  35  2:55  Probe (Chrono Boost)  
  35  2:57  Sentry x2  
  41  3:03  Probe (Chrono Boost)  
  42  3:06  Probe (Chrono Boost)  
  42  3:10  Pylon  
  43  3:13  Pylon  
  43  3:14  Probe (Chrono Boost)  
  45  3:22  Mothership Core (Chrono Boost)  
  46  3:28  Probe (Chrono Boost)  
  47  3:38  Probe (Chrono Boost)  
  47  3:40  Probe (Chrono Boost), Nexus  
  47  3:49  Probe (Chrono Boost)  
  47  3:51  Probe (Chrono Boost), Gateway x2  
  47  3:54  Pylon  
  49  3:56  Assimilator  
  49  3:59  Probe (Chrono Boost)  
  49  4:00  Assimilator  
  49  4:02  Probe (Chrono Boost)  
  51  4:05  Pylon  
  51  4:10  Probe (Chrono Boost)  
  51  4:12  Probe (Chrono Boost)  
  51  4:15  Stargate  
  51  4:16  Stargate  
  53  4:20  Probe (Chrono Boost)  
  53  4:23  Probe (Chrono Boost)  
  54  4:31  Probe (Chrono Boost)  
  54  4:33  Probe (Chrono Boost), Adept x2  
  59  4:42  Probe (Chrono Boost)  
  59  4:44  Probe (Chrono Boost)  
  61  4:48  Adept  
  61  4:49  Adept  
  61  4:50  Twilight Council  
  61  4:52  Probe (Chrono Boost)  
  66  4:54  Probe (Chrono Boost)  
  66  4:56  Adept x2  
  66  4:57  Probe (Chrono Boost)  
  72  5:03  Probe (Chrono Boost)  
  72  5:05  Probe (Chrono Boost)  
  74  5:08  Probe (Chrono Boost), Adept  
  74  5:09  Adept  
  74  5:11  Pylon  
  74  5:12  Probe (Chrono Boost)  
  80  5:14  Phoenix x2 (Chrono Boost)  
  80  5:19  Probe  
  85  5:22  Assimilator  
  85  5:24  Blink (Chrono Boost)  
  85  5:29  Probe x2  
  85  5:32  Probe  
  85  5:33  Pylon  
  85  5:35  Assimilator  
  88  5:42  Probe x2, Phoenix  
  90  5:43  Phoenix  
  90  5:44  Probe  
  93  5:50  Robotics Facility  
  93  5:54  Probe x2  
  83  6:04  Phoenix  
  83  6:05  Phoenix  
  85  6:11  Pylon  
  85  6:13  Stalker x3  
  85  6:14  Stalker  
  85  6:17  Pylon  
  93  6:31  Pylon  
  93  6:33  Pylon  
  93  6:39  Gateway  
  93  6:40  Stalker x4, Gateway  
  93  6:43  Gateway  
  93  6:44  Pylon  
  93  6:45  Pylon x2  
  101  6:47  Pylon  
  105  7:03  Zealot x4  
  109  7:23  Gateway, Robotics Facility  
  109  7:25  Gateway  
  109  7:31  Stalker x4  
  117  7:37  Stalker x2  
  117  7:42  Robotics Facility  
  121  7:45  Forge  
  121  7:54  Stalker x2  
  121  7:55  Stalker x3  
  131  8:03  Stalker x2  
  137  8:22  Warp Prism (Chrono Boost)  
  137  8:25  Stalker x4  
  137  8:26  Stalker x2  
  137  8:27  Stalker  
  151  8:30  Pylon  
  151  8:31  Pylon  
  151  8:32  Pylon  
  149  8:50  Stalker  
  149  8:51  Stalker x7  
  149  8:52  Stalker  

Tags
 
Add a new tag
Caveats
  • Supply blocks, unpowered buildings, or Contaminate may cause inaccurate times.
  • Supply counts are checked every 10 seconds.